[Event "ICC tourney 1904 (10 3)"]
[Site "Internet Chess Club"]
[Date "2020.07.05"]
[Round "3"]
[White "knighthawkmill"]
[Black "wildrumpus"]
[Result "1-0"]
[ICCResult "Black checkmated"]
[WhiteElo "1527"]
[BlackElo "1319"]
[Opening "Queen's Indian defense"]
[ECO "E12"]
[NIC "QI.02"]
[Time "13:15:30"]
[TimeControl "600+3"]

1. d4 Nf6 2. c4 e6 3. Nf3 b6 4. Bg5 Bb7 5. Nbd2 Be7 6. e3 O-O 7. Bd3 d6 8.
Rc1 Nbd7 9. Qc2 Rc8 10. b3 c5 11. O-O h6 12. Bh4 cxd4 13. exd4 d5 14. Qb2
dxc4 15. bxc4 Re8 16. a4 Rb8 17. h3 Bd6 18. Ne4 Bxe4 19. Bxe4 g5 20. Nxg5
hxg5 21. Bxg5 Be7 22. Bc6 Nh7 23. Be3 Rf8 24. Qe2 Ndf6 25. Rfd1 Qc7 26. d5
Rbd8 27. Bh6 Bc5 28. Rc3 exd5 29. cxd5 Rd6 30. Rg3+ Ng4 31. Rxg4+ Rg6 32.
Rxg6+ fxg6 33. Qe6+ Qf7 34. Qxf7+ Rxf7 35. Rd2 Nf6 36. d6 Kh7 37. Be3 Bxe3
38. fxe3 Nd7 39. Bxd7 Rxd7 40. e4 Kg7 41. e5 Kf7 42. Kf2 Ke6 43. Re2 Kd5 44.
e6 Rxd6 45. e7 Rf6+ 46. Kg3 Rc6 47. e8=Q Rc3+ 48. Re3 Rxe3+ 49. Qxe3 Kc4 50.
Qe4+ Kb3 51. Kf4 a6 52. Qb1+ Kxa4 53. Qxb6 a5 54. Ke4 g5 55. g4 Ka3 56.
Qxa5+ Kb3 57. Kd3 Kb2 58. Qb5+ Kc1 59. Qc5+ Kb2 60. Qb4+ Kc1 61. Kc3 Kd1 62.
Qe4 Kc1 63. Qe1# {Black checkmated} 1-0

[Event "ICC tourney 1904 (10 3)"]
[Site "Internet Chess Club"]
[Date "2020.07.05"]
[Round "3"]
[White "harrislencz"]
[Black "wolfemonster"]
[Result "0-1"]
[ICCResult "White checkmated"]
[WhiteElo "1345"]
[BlackElo "1427"]
[Opening "Sicilian defense"]
[ECO "B40"]
[NIC "SI.43"]
[Time "13:15:31"]
[TimeControl "600+3"]

1. e4 c5 2. Nf3 e6 3. b3 a6 4. Bb2 b5 5. a4 b4 6. Bd3 Bb7 7. O-O Nf6 8. e5
Nd5 9. c4 bxc3 10. dxc3 Nc6 11. Nbd2 Nf4 12. Bc2 Qc7 13. Re1 d6 14. exd6
Bxd6 15. Ne4 Be7 16. Qd2 Rd8 17. Qe3 c4 18. b4 Nd5 19. Qc1 O-O 20. Ned2 Nb8
21. Bb1 Nf4 22. Re3 Nd7 23. Qc2 Nf6 24. Ba2 Ng4 25. Nxc4 Nxe3 26. Nxe3 Bxf3
27. gxf3 Qc6 28. Bb1 g6 29. Qe4 Qxe4 30. fxe4 Bf6 31. Ng4 Bg7 32. Kf1 Rd1#
{White checkmated}
0-1

[Event "ICC tourney 1904 (10 3)"]
[Site "Internet Chess Club"]
[Date "2020.07.05"]
[Round "3"]
[White "Knightboy123"]
[Black "StevChess01"]
[Result "0-1"]
[ICCResult "White checkmated"]
[WhiteElo "1279"]
[BlackElo "1334"]
[Opening "Sicilian: O'Kelly variation"]
[ECO "B28"]
[NIC "SI.43"]
[Time "13:15:14"]
[TimeControl "600+3"]

1. e4 c5 2. Nf3 a6 3. c4 Nc6 4. d4 cxd4 5. Nxd4 e5 6. Nf5 d6 7. Nc3 Bxf5 8.
exf5 Nf6 9. Bg5 Nd4 10. Nd5 Qa5+ 11. Nc3 Ne4 12. Bd2 Nxd2 13. Kxd2 Nxf5 14.
Bd3 Nd4 15. a3 Qc7 16. Ne2 Nc6 17. Nc3 g6 18. Nd5 Qd8 19. b4 Bg7 20. Rb1 O-O
21. h4 Ne7 22. Nxe7+ Qxe7 23. h5 Bh6+ 24. Kc2 e4 25. Be2 Bg7 26. Kb3 Qe5 27.
Rh3 f5 28. hxg6 hxg6 29. c5 d5 30. Qh1 Rfd8 31. Rd1 Qb2+ 32. Ka4 Qxe2 33.
Rg1 Qc2+ 34. Ka5 Rd7 35. Qh2 b6+ 36. Kxb6 Qa4 37. Rh8+ Bxh8 38. Qxh8+ Kxh8
39. Rh1+ Kg8 40. Rh8+ Kxh8 41. c6 Qb5# {White checkmated} 0-1

[Event "ICC tourney 1904 (10 3)"]
[Site "Internet Chess Club"]
[Date "2020.07.05"]
[Round "3"]
[White "LeGoat"]
[Black "spaceegg"]
[Result "1-0"]
[ICCResult "Black forfeits on time"]
[WhiteElo "1631"]
[BlackElo "1258"]
[Opening "Philidor's defense"]
[ECO "C41"]
[NIC "KP.08"]
[Time "13:16:05"]
[TimeControl "600+3"]

1. e4 e5 2. Nf3 d6 3. d4 Bg4 4. dxe5 Bxf3 5. Qxf3 dxe5 6. Nc3 c6 7. Be3 Nd7
8. O-O-O Ngf6 9. g4 g5 10. Ne2 h6 11. Ng3 Qa5 12. Kb1 O-O-O 13. Bc4 Qb4 14.
Bb3 Rh7 15. Rd2 Bc5 16. Nf5 Bxe3 17. Qxe3 Nxg4 18. Nd6+ Kb8 19. Qe2 Ngf6 20.
Nxf7 Re8 21. Nd6 Rf8 22. Rhd1 Nc5 23. Nf5 Nfxe4 24. Rd8+ Rxd8 25. Rxd8+ Kc7
26. Rd1 Rd7 27. c3 Rxd1+ 28. Qxd1 Qb5 29. f3 Qd3+ 30. Qxd3 Nxd3 31. fxe4 g4
32. Nxh6 Nf2 33. Bc2 b6 34. Nf7 b5 35. Nxe5 Kd6 36. Nd3 Nxe4 37. Kc1 c5 38.
Kd1 c4 39. Nb4 Kc5 40. Bxe4 Kb6 41. Bf5 a6 42. Bxg4 a5 43. Nd5+ Kc5 44. Ne3
b4 45. cxb4+ axb4 46. Be6 c3 47. bxc3 bxc3 48. Kc2 Kb4 49. h4 Kc5 50. h5
{Black forfeits on time}
1-0

[Event "ICC tourney 1904 (10 3)"]
[Site "Internet Chess Club"]
[Date "2020.07.05"]
[Round "3"]
[White "andrewhzhang"]
[Black "Chessplayer44"]
[Result "1-0"]
[ICCResult "Black resigns"]
[WhiteElo "1609"]
[BlackElo "1549"]
[Opening "French: Winawer, advance, poisoned pawn variation"]
[ECO "C18"]
[NIC "FR.11"]
[Time "13:15:26"]
[TimeControl "600+3"]

1. e4 e6 2. d4 d5 3. Nc3 Bb4 4. e5 c5 5. a3 Bxc3+ 6. bxc3 Ne7 7. Qg4 Qc7 8.
Bd2 Nbc6 9. Nf3 Bd7 10. Bd3 O-O-O 11. O-O h5 12. Qf4 Ng6 13. Bxg6 fxg6 14.
Ng5 Rdf8 15. Qe3 Ne7 16. Rab1 a6 17. Rb2 Bb5 18. Rfb1 Nf5 19. Qe1 cxd4 20.
Nxe6 Qc4 21. Nxf8 Rxf8 22. Rb4 Qc5 23. a4 dxc3 24. axb5 cxd2 25. Qxd2 a5 26.
R4b3 d4 27. Qxa5 Kd7 28. Qa3 Qxa3 29. Rxa3 Ke6 30. Ra7 Rf7 31. Re1 Rc7 32.
b6 Rxc2 33. Rxb7 d3 34. Ra7 d2 35. Rd1 Kxe5 36. b7 Rb2 37. f4+ Kxf4 38. Rxd2
Rb1+ 39. Kf2 Ne7 40. b8=Q+ Rxb8 41. Rxe7 g5 42. Rxg7 g4 43. Rh7 Rb5 44. g3+
Ke4 45. Re2+ Kd4 46. Rd7+ Kc3 47. Re3+ Kc4 48. Rde7 Rf5+ 49. Ke2 Ra5 50.
R7e4+ Kb5 51. Re5+ Kb6 52. Rxa5 Kxa5 53. Re5+ Kb4 54. Rxh5 Kc3 55. Rg5 Kc2
56. Rxg4 Kc1 57. Rd4 Kb2 58. Rd8 Kc3 59. Ke3 Kc4 {Black resigns} 1-0

[Event "ICC tourney 1904 (10 3)"]
[Site "Internet Chess Club"]
[Date "2020.07.05"]
[Round "3"]
[White "Xqpnc28"]
[Black "christopherelam"]
[Result "1/2-1/2"]
[ICCResult "Game drawn by repetition"]
[WhiteElo "1243"]
[BlackElo "1270"]
[Opening "French: Tarrasch, open, 4.ed ed"]
[ECO "C08"]
[NIC "FR.20"]
[Time "13:15:18"]
[TimeControl "600+3"]

1. e4 e6 2. d4 d5 3. Nd2 c5 4. exd5 exd5 5. Bb5+ Bd7 6. Bxd7+ Qxd7 7. Ne2
cxd4 8. Nxd4 Nf6 9. O-O Be7 10. N2f3 O-O 11. Re1 Re8 12. Bg5 Nc6 13. Nxc6
Qxc6 14. Ne5 Qc7 15. Bxf6 Bxf6 16. Nd3 h6 17. c3 Re7 18. Nb4 Rd7 19. Nxd5
Qd8 20. Nxf6+ gxf6 21. Qe2 Rd2 22. Qe7 Rxb2 23. Qxd8+ Rxd8 24. g3 Rdd2 25.
Rf1 Rxa2 26. Rxa2 Rxa2 27. Rb1 b6 28. Kg2 Rc2 29. Rb3 Kf8 30. h4 Ke7 31. Ra3
a5 32. Kf3 Ke6 33. Kg4 Rxf2 34. Kh5 Rf3 35. Kxh6 Rxg3 36. h5 b5 37. Rxa5
Rxc3 38. Rxb5 Rg3 39. Kh7 f5 40. h6 f4 41. Kh8 f3 42. Rb1 f2 43. Rf1 Rg2 44.
h7 f5 45. Re1+ Kf6 46. Rf1 Kg6 47. Rh1 Rg1 48. Rh6+ Kg5 49. Rh5+ Kf6 50.
Rxf5+ Kg6 51. Rxf2 Re1 52. Rg2+ Kf6 53. Rf2+ Kg6 54. Rg2+ Kh6 55. Rh2+ Kg6
56. Rg2+ Kf6 57. Rf2+ Kg6 58. Rg2+ Kf6 59. Rf2+ Kg6 60. Rg2+ Kf6 61. Rf2+
Kg6 62. Rg2+ Kh6 63. Rh2+ Kg6 64. Rg2+ Kf7 65. Rf2+ Kg6 66. Rg2+ Kf7 67.
Rf2+ Kg6 68. Rg2+ Kf6 69. Rf2+ Kg6 70. Rg2+ Kf7 71. Rf2+ Kg6 72. Rg2+ Kf7
73. Rf2+ {Game drawn by repetition} 1/2-1/2

[Event "ICC tourney 1904 (10 3)"]
[Site "Internet Chess Club"]
[Date "2020.07.05"]
[Round "3"]
[White "SuperBlueSky"]
[Black "gardemarin13"]
[Result "0-1"]
[ICCResult "White forfeits on time"]
[WhiteElo "1293"]
[BlackElo "1743"]
[Opening "Nimzo-Indian: classical, Milner-Barry (Zurich) variation"]
[ECO "E33"]
[NIC "NI.24"]
[Time "13:15:13"]
[TimeControl "600+3"]

1. d4 Nf6 2. c4 e6 3. Nc3 Bb4 4. Qc2 Nc6 5. Nf3 d6 6. Bg5 h6 7. Bh4 g5 8.
Bg3 g4 9. Nd2 Nxd4 10. Qa4+ Bd7 11. Qd1 Bxc3 12. bxc3 Nf5 13. Qb3 Bc6 14.
Qc2 Nxg3 15. hxg3 Qe7 16. e4 Nd7 17. Nb3 Qg5 18. Be2 h5 19. Rh4 O-O-O 20.
Nd4 Qc5 21. Rb1 Rde8 22. Nxc6 Qxc6 23. f3 f5 24. exf5 exf5 25. Qxf5 Qxc4 26.
Qc2 Re3 {White forfeits on time} 0-1

[Event "ICC tourney 1904 (10 3)"]
[Site "Internet Chess Club"]
[Date "2020.07.05"]
[Round "3"]
[White "mdbgaccp"]
[Black "Benranger2011"]
[Result "1-0"]
[ICCResult "Black checkmated"]
[WhiteElo "1574"]
[BlackElo "1449"]
[Opening "QGD semi-Slav: Romih variation"]
[ECO "D38"]
[NIC "NI.27"]
[Time "13:15:29"]
[TimeControl "600+3"]

1. d4 Nf6 2. c4 e6 3. Nf3 d5 4. Nc3 Bb4 5. e3 c6 6. Bd3 Nbd7 7. O-O O-O 8.
Bd2 dxc4 9. Bxc4 Nb6 10. Bb3 Re8 11. a3 Bxc3 12. Bxc3 a5 13. Ne5 Ne4 14. Qf3
Nf6 15. g4 h6 16. h4 Qe7 17. Kh2 Nbd5 18. Rg1 Nxc3 19. bxc3 Nd5 20. g5 Nxc3
21. gxh6 Qxh4+ 22. Qh3 Qxh3+ 23. Kxh3 g6 24. Kh4 Rf8 25. Rg2 Kh7 26. Bc2
Kxh6 27. Bxg6 fxg6 28. Rxg6+ Kh7 29. Rag1 Nd5 30. Rg7+ Kh8 31. Nf7+ Rxf7 32.
Rxf7 b6 33. e4 Nc3 34. Rf8+ Kh7 35. Rgg8 Nxe4 36. Rxc8 Ra6 37. Rge8 Nxf2 38.
Rxc6 Kg6 39. Rexe6+ Kf5 40. Rf6+ Ke4 41. Rxf2 Kxd4 42. Rff6 Ra7 43. Rxb6 Ke4
44. Ra6 Rh7+ 45. Rh6 Rg7 46. Rxa5 Kf4 47. Ra4+ Kf3 48. Rb4 Rg1 49. Rf6+ Ke3
50. a4 Rh1+ 51. Kg5 Rg1+ 52. Kf5 Rf1+ 53. Ke5 Ra1 54. Rh6 Rc1 55. Rh3+ Ke2
56. Rb2+ Rc2 57. Rxc2+ Kd1 58. Ra2 Kc1 59. Rh1# {Black checkmated} 1-0

[Event "ICC tourney 1904 (10 3)"]
[Site "Internet Chess Club"]
[Date "2020.07.05"]
[Round "3"]
[White "poohfur"]
[Black "SamLightning"]
[Result "1-0"]
[ICCResult "Black forfeits on time"]
[WhiteElo "1361"]
[BlackElo "1296"]
[Opening "Sicilian: accelerated fianchetto, Breyer variation"]
[ECO "B39"]
[NIC "SI.43"]
[Time "13:15:17"]
[TimeControl "600+3"]

1. e4 c5 2. Nf3 g6 3. d4 cxd4 4. Nxd4 Bg7 5. c4 Nc6 6. Be3 Nf6 7. Nc3 Ng4 8.
Qxg4 Nxd4 9. O-O-O Nc6 10. Nd5 Qa5 11. Kb1 Nb4 12. a3 Nxd5 13. Rxd5 Qa4 14.
Bd4 d6 15. Qf3 e5 16. Be3 Be6 17. Rxd6 Bxc4 18. Bxc4 Qxc4 19. Rhd1 O-O 20.
Rd7 Qc6 21. R1d6 Qb5 22. Rc7 Rac8 23. Rdd7 Rxc7 24. Rxc7 a6 25. Bd2 Qb6 26.
Re7 a5 27. Be3 Qb3 28. Bc5 Qxf3 29. gxf3 b5 30. Bd6 Rd8 31. Bxe5 Bxe5 32.
Rxe5 Rd2 33. Rxb5 Rxf2 34. Rxa5 Rxf3 35. b4 Re3 36. Kc2 Rxe4 37. b5 Kf8 38.
b6 {Black forfeits on time} 1-0

[Event "ICC tourney 1904 (10 3)"]
[Site "Internet Chess Club"]
[Date "2020.07.05"]
[Round "3"]
[White "HenriVZ"]
[Black "NonnaThat"]
[Result "0-1"]
[ICCResult "White forfeits on time"]
[WhiteElo "1487"]
[BlackElo "1858"]
[Opening "Sicilian: Najdorf"]
[ECO "B90"]
[NIC "SI.14"]
[Time "13:15:13"]
[TimeControl "600+3"]

1. e4 c5 2. Nf3 d6 3. d4 cxd4 4. Nxd4 Nf6 5. Nc3 a6 6. f3 e6 7. Be3 b5 8.
Bd3 Bb7 9. Qd2 Nbd7 10. O-O-O Qc7 11. g4 Be7 12. h4 b4 13. Nce2 d5 14. exd5
Nxd5 15. h5 Nxe3 16. Qxe3 Rc8 17. Kb1 Nb6 18. Qd2 Nc4 19. Bxc4 Qxc4 20. Qd3
Qc7 21. Rhg1 O-O 22. g5 Rfd8 23. g6 e5 24. gxf7+ Kh8 25. Qf5 exd4 26. Nf4 d3
27. Rc1 dxc2+ 28. Ka1 Rd1 29. Ng6+ hxg6 30. hxg6 Rxc1+ 31. Rxc1 Qh2 32. Qg4
Qh6 33. f4 Rd8 34. Qg3 Rd1 35. Qe3 Rxc1+ 36. Qxc1 Qh1 37. Qxh1+ Bxh1
{White forfeits on time}
0-1

[Event "ICC tourney 1904 (10 3)"]
[Site "Internet Chess Club"]
[Date "2020.07.05"]
[Round "3"]
[White "NamanSingh283"]
[Black "IndianTerritory"]
[Result "1-0"]
[ICCResult "Black resigns"]
[WhiteElo "1800"]
[BlackElo "1650"]
[Opening "Caro-Kann: anti-Caro-Kann defense"]
[ECO "A11"]
[NIC "EO.64"]
[Time "13:15:12"]
[TimeControl "600+3"]

1. c4 c6 2. e4 c5 3. Nf3 Nc6 4. d4 cxd4 5. Nxd4 e5 6. Nf5 Nf6 7. Nc3 d6 8.
Ne3 g6 9. Be2 Bg7 10. O-O O-O 11. Nc2 Ne8 12. Be3 Nc7 13. Qd2 Ne6 14. Nb5 f5
15. exf5 gxf5 16. f3 a6 17. Nxd6 Ncd4 18. Nxc8 Nxe2+ 19. Qxe2 Rxc8 20. b3 b5
21. Rad1 Qa5 22. Rd6 Nf4 23. Bxf4 exf4 24. Qe6+ Kh8 25. c5 Qc3 26. Rf2 Rfe8
27. Qxf5 Rf8 28. Qd3 Qxc5 29. Rd5 Qc3 30. Re2 Qxd3 31. Rxd3 Rfd8 32. Ne1
Bd4+ 33. Kf1 Bc3 34. Re4 Bd2 35. Re6 Rxd3 36. Nxd3 a5 37. Re5 Rc2 38. a3 Ra2
39. Rxb5 Rxa3 40. g3 Ra2 41. gxf4 Kg7 42. Rb7+ Kg6 43. Rb6+ Kf5 44. Rh6 a4
45. bxa4 Rxa4 46. Rxh7 Ra2 47. h4 Ra3 48. Ke2 Ra2 49. Rh5+ Kg6 50. Rg5+ Kf6
51. Kd1 Be3 52. Nb4 Rf2 53. Nd5+ Ke6 54. Nxe3 Rxf3 55. Nd5 Rd3+ 56. Ke2 Rh3
57. Rh5 Rh2+ 58. Kf3 Rh3+ 59. Kg4 Rh1 60. Ne3 Rg1+ 61. Kf3 Rh1 62. f5+ Kf6
63. Rh6+ Kg7 64. Rg6+ Kf7 65. Kg4 Rg1+ 66. Kh5 Re1 67. Ng4 Ra1 68. Kg5 Ra8
69. h5 Rh8 70. h6 Re8 71. h7 Rd8 72. Nh6+ Ke7 73. Rg8 {Black resigns} 1-0

[Event "ICC tourney 1904 (10 3)"]
[Site "Internet Chess Club"]
[Date "2020.07.05"]
[Round "3"]
[White "albli"]
[Black "Adhvaith0406"]
[Result "1/2-1/2"]
[ICCResult "Game drawn because neither player has mating material"]
[WhiteElo "1486"]
[BlackElo "1400"]
[Opening "Sicilian: Najdorf, Byrne (English) attack"]
[ECO "B90"]
[NIC "SI.14"]
[Time "13:15:32"]
[TimeControl "600+3"]

1. e4 c5 2. Nf3 d6 3. d4 cxd4 4. Nxd4 Nf6 5. Nc3 a6 6. Be3 e5 7. Nb3 Be6 8.
f3 Be7 9. Qd2 O-O 10. O-O-O Nbd7 11. g4 b5 12. g5 b4 13. Ne2 Ne8 14. h4 a5
15. Kb1 Nb6 16. g6 fxg6 17. h5 Nc4 18. Qc1 Nxe3 19. Qxe3 g5 20. h6 g6 21.
Ng3 a4 22. Nd2 Qc7 23. Bh3 Bxh3 24. Rxh3 Nf6 25. Qd3 Kh8 26. Ngf1 Rfd8 27.
Ne3 Rac8 28. Ndf1 d5 29. exd5 Nxd5 30. Nxd5 Rxd5 31. Qe2 Rxd1+ 32. Qxd1 Rd8
33. Qe2 Qd6 34. Ne3 g4 35. fxg4 Bg5 36. Rh1 Qd4 37. Rd1 Qb6 38. Nc4 Rxd1+
39. Qxd1 Qe6 40. Qf1 Bxh6 41. g5 Bg7 42. Ne3 h6 43. Qh1 h5 44. Qa8+ Kh7 45.
Qxa4 Qf7 46. Qxb4 Qf4 47. Qd2 Qxg5 48. a4 Bh6 49. Qd7+ Bg7 50. Nc4 Qg1+ 51.
Ka2 Qd4 52. Qb5 h4 53. a5 h3 54. Qc6 h2 55. a6 e4 56. c3 Qxc4+ 57. Qxc4 h1=Q
58. a7 e3 59. Qc8 e2 60. a8=Q Qxa8+ 61. Qxa8 e1=Q 62. Qf3 Qe6+ 63. Kb1 g5
64. Qh5+ Qh6 65. Qe2 Qg6+ 66. Kc1 g4 67. Qh2+ Bh6+ 68. Kd1 g3 69. Qg2 Qb1+
70. Ke2 Qxb2+ 71. Kf1 Qc1+ 72. Ke2 Qd2+ 73. Kf3 Qxc3+ 74. Kg4 Qg7+ 75. Kh3
Qg5 76. Qxg3 Qf5+ 77. Kg2 Qe4+ 78. Qf3 Qc2+ 79. Qf2 Qe4+ 80. Qf3 Qg6+ 81.
Qg3 Qf5 82. Qc7+ Bg7 83. Qg3 Bf6 84. Qh3+ Qxh3+ 85. Kxh3
{Game drawn because neither player has mating material}
1/2-1/2

[Event "ICC tourney 1904 (10 3)"]
[Site "Internet Chess Club"]
[Date "2020.07.05"]
[Round "3"]
[White "PawnPower17"]
[Black "LChessMaster"]
[Result "0-1"]
[ICCResult "White resigns"]
[WhiteElo "1362"]
[BlackElo "1529"]
[Opening "Nimzovich-Larsen attack: classical variation"]
[ECO "A01"]
[NIC "VO.08"]
[Time "13:15:28"]
[TimeControl "600+3"]

1. b3 d5 2. Bb2 Bf5 3. e3 e6 4. f4 Nf6 5. Nf3 Nbd7 6. Be2 Be7 7. O-O O-O 8.
Ne5 Nxe5 9. fxe5 Ne4 10. d3 Nc5 11. Nd2 c6 12. Bg4 Bg6 13. Qf3 Bg5 14. Ba3
Be7 15. Bb2 Qa5 16. Rf2 Bxd3 17. a3 Be4 18. Nxe4 Nxe4 19. b4 Qb6 20. Re2 a5
21. Bd4 c5 22. bxc5 Bxc5 23. c3 Bxd4 24. exd4 Rac8 25. Re3 Qb2 26. Rf1 Qxa3
27. Qh3 Qe7 28. Be2 a4 29. Bd3 h6 30. Bxe4 dxe4 31. Rxe4 a3 32. Rg4 Kh8 33.
Rf6 Qxf6 34. exf6 a2 35. fxg7+ Kh7 36. gxf8=Q a1=Q+ 37. Kf2 Qb2+ 38. Kg3
Qxc3+ 39. Kh4 Qxh3+ 40. Kxh3 Rxf8 41. Rg3 Rb8 42. Rb3 Kg6 43. Rb5 Kf6 44.
Kg3 Ke7 45. Kf4 Kd6 46. Ke4 Kc6 47. Rh5 b5 48. Rxh6 b4 49. Rh3 b3 50. Rc3+
Kd6 51. Rc1 f5+ {White resigns} 0-1

[Event "ICC tourney 1904 (10 3)"]
[Site "Internet Chess Club"]
[Date "2020.07.05"]
[Round "3"]
[White "ullchen"]
[Black "Grinch81"]
[Result "0-1"]
[ICCResult "White forfeits on time"]
[WhiteElo "1493"]
[BlackElo "1179"]
[Opening "Caro-Kann: Tartakower (Nimzovich) variation"]
[ECO "B15"]
[NIC "CK.06"]
[Time "13:15:41"]
[TimeControl "600+3"]

1. e4 c6 2. d4 d5 3. Nc3 dxe4 4. Nxe4 Nf6 5. Nxf6+ exf6 6. c3 Bd6 7. Bd3 Be6
8. Nf3 Qc7 9. O-O Nd7 10. Re1 O-O-O 11. c4 g5 12. d5 Bg4 13. h3 Bxf3 14.
Qxf3 cxd5 15. cxd5 Ne5 16. Bf5+ Kb8 17. Qb3 h5 18. Be3 g4 19. Qa4 b6 20.
Rac1 Qb7 21. Red1 Rdg8 22. Rc6 Rd8 23. Bf4 Nxc6 24. dxc6 Qc7 25. Bxd6 Rxd6
26. Bd7 gxh3 27. g3 Rd8 28. Re1 R6xd7 29. cxd7 Qxd7 30. Qf4+ Qd6 31. Re8
Qxf4 32. Rxd8+ Kc7 33. gxf4 Kxd8 34. Kh2 Ke7 35. Kxh3 Ke6 36. Kg3 Kf5 37. b4
b5 38. a3 h4+ 39. Kxh4 Kxf4 {White forfeits on time} 0-1

[Event "ICC tourney 1904 (10 3)"]
[Site "Internet Chess Club"]
[Date "2020.07.05"]
[Round "3"]
[White "ChessMonkey123"]
[Black "messyblaster"]
[Result "1/2-1/2"]
[ICCResult "Game drawn by mutual agreement"]
[WhiteElo "1383"]
[BlackElo "1364"]
[Opening "Scandinavian: Pytel-Wade variation"]
[ECO "B01"]
[NIC "SD.02"]
[Time "13:15:24"]
[TimeControl "600+3"]

1. e4 d5 2. exd5 Qxd5 3. Nc3 Qd6 4. d4 Nf6 5. h3 c6 6. Nf3 Nbd7 7. Bc4 e6 8.
O-O Be7 9. Re1 O-O 10. Bg5 Nb6 11. Bb3 h6 12. Bxf6 Bxf6 13. Ne4 Qd8 14. c3
Nd5 15. Bc2 Bd7 16. Qd3 g6 17. Nc5 Rb8 18. Ne5 Bxe5 19. Rxe5 Bc8 20. Nxe6
Bxe6 21. g3 Qf6 22. Rae1 Bf5 23. Qd2 Bxc2 24. Qxc2 Qd6 25. Qd2 Kg7 26. R1e4
Nf6 27. Rh4 Ng8 28. g4 Rfe8 29. f4 Rxe5 30. fxe5 Qd8 31. Qf2 Qg5 32. Kh2 Ne7
33. Qg3 Rd8 34. Qf2 Nd5 35. Kg3 Qe3+ 36. Qxe3 Nxe3 37. g5 hxg5 38. Re4 Nf5+
39. Kg4 Re8 40. Kxg5 Rh8 41. h4 Rh5+ 42. Kg4 Rxh4+ 43. Kf3 Rxe4 44. Kxe4 Ne7
45. c4 Kh6 46. d5 cxd5+ 47. cxd5 g5 48. d6 Nc6 49. d7 Kg6 50. b4 g4 51. b5
Nd8 52. Kd5 g3 53. Kd6 g2 54. Kc7 g1=Q 55. Kxd8 Qg5+ 56. Kc8
{Game drawn by mutual agreement}
1/2-1/2

[Event "ICC tourney 1904 (10 3)"]
[Site "Internet Chess Club"]
[Date "2020.07.05"]
[Round "4"]
[White "MonkeyTown"]
[Black "mathewjiang"]
[Result "1-0"]
[ICCResult "Black checkmated"]
[WhiteElo "1379"]
[BlackElo "1160"]
[Opening "Queen's pawn game"]
[ECO "D04"]
[NIC "QP.08"]
[Time "13:48:30"]
[TimeControl "600+3"]

1. d4 d5 2. Nf3 Nf6 3. e3 c5 4. Bd3 Nc6 5. c3 e6 6. Nbd2 Be7 7. O-O O-O 8.
Qe2 Qc7 9. dxc5 Bxc5 10. e4 dxe4 11. Nxe4 Nxe4 12. Qxe4 b6 13. Qxh7#
{Black checkmated}
1-0

[Event "ICC tourney 1904 (10 3)"]
[Site "Internet Chess Club"]
[Date "2020.07.05"]
[Round "4"]
[White "ivo20"]
[Black "capetarget"]
[Result "0-1"]
[ICCResult "White resigns"]
[WhiteElo "1253"]
[BlackElo "1483"]
[Opening "Bishop's opening: Berlin defense"]
[ECO "C24"]
[NIC "IG.04"]
[Time "13:47:55"]
[TimeControl "600+3"]

1. e4 e5 2. Bc4 Nf6 3. d3 Bc5 4. Qf3 O-O 5. Be3 Bxe3 6. Qxe3 Nc6 7. c3 Na5
8. Nd2 Nxc4 9. Nxc4 d6 10. Kd2 Re8 11. h4 Ng4 12. Qe2 Qf6 13. f3 Qf4+ 14.
Kc2 Nh6 15. Nh3 Bxh3 16. gxh3 Qxh4 17. Rhg1 b5 18. Rg4 Nxg4 19. hxg4 bxc4
20. Qg2 cxd3+ 21. Kxd3 Rab8 22. Rh1 Rxb2 23. Qf1 Qg5 24. Qd1 Reb8 25. Kc4
Qe3 26. Rh5 Qe2+ 27. Kd5 Rd2+ {White resigns} 0-1

[Event "ICC tourney 1904 (10 3)"]
[Site "Internet Chess Club"]
[Date "2020.07.05"]
[Round "4"]
[White "DEEEFENDER"]
[Black "DankMemer"]
[Result "1-0"]
[ICCResult "Black resigns"]
[WhiteElo "1170"]
[BlackElo "1189"]
[Opening "French: advance, Nimzovich system"]
[ECO "C02"]
[NIC "FR.03"]
[Time "13:48:30"]
[TimeControl "600+3"]

1. e4 e6 2. d4 d5 3. e5 c5 4. Nf3 cxd4 5. Nxd4 Bc5 6. Be3 Qb6 7. Nc3 Qxb2 8.
Ndb5 Bxe3 9. fxe3 Na6 10. Rb1 Qxb1 {Black resigns} 1-0

[Event "ICC tourney 1904 (10 3)"]
[Site "Internet Chess Club"]
[Date "2020.07.05"]
[Round "4"]
[White "krishghosh"]
[Black "babu12020"]
[Result "0-1"]
[ICCResult "White resigns"]
[WhiteElo "1190"]
[BlackElo "1307"]
[Opening "King's Indian: London system"]
[ECO "A48"]
[NIC "QP.03"]
[Time "13:48:30"]
[TimeControl "600+3"]

1. d4 Nf6 2. Nf3 g6 3. Bf4 Bg7 4. e3 d6 5. c3 O-O 6. Nbd2 Nbd7 7. Bd3 c5 8.
Rc1 b6 9. h3 Bb7 10. O-O Rc8 11. Re1 a6 12. Qe2 b5 13. b3 Qa5 14. Nf1 Rfe8
15. c4 e5 16. dxe5 dxe5 17. Bg5 e4 {White resigns} 0-1

[Event "ICC tourney 1904 (10 3)"]
[Site "Internet Chess Club"]
[Date "2020.07.05"]
[Round "4"]
[White "blackmanrook"]
[Black "Chessplayer44"]
[Result "1-0"]
[ICCResult "Black checkmated"]
[WhiteElo "1683"]
[BlackElo "1540"]
[Opening "French defense"]
[ECO "A00"]
[NIC "VO.15"]
[Time "13:47:57"]
[TimeControl "600+3"]

1. Nc3 e6 2. e4 d5 3. exd5 exd5 4. Nf3 Nf6 5. d4 Bd6 6. Bg5 c6 7. Qd2 Bf5 8.
Nh4 Bg6 9. Nxg6 hxg6 10. O-O-O Nbd7 11. Re1+ Kf8 12. Kb1 a5 13. Bd3 b5 14.
h4 a4 15. g4 b4 16. Nd1 b3 17. h5 bxa2+ 18. Kxa2 Qb6 19. hxg6 Rxh1 20. Rxh1
a3 21. b3 Bb4 22. Qf4 c5 23. Rh8+ Ng8 24. Qxf7# {Black checkmated} 1-0

[Event "ICC tourney 1904 (10 3)"]
[Site "Internet Chess Club"]
[Date "2020.07.05"]
[Round "4"]
[White "MagnumPI"]
[Black "LeGoat"]
[Result "1-0"]
[ICCResult "Black checkmated"]
[WhiteElo "1280"]
[BlackElo "1622"]
[Opening "King's Indian: Larsen variation"]
[ECO "E90"]
[NIC "KI.21"]
[Time "13:47:41"]
[TimeControl "600+3"]

1. d4 Nf6 2. c4 g6 3. Nc3 Bg7 4. e4 O-O 5. Nf3 d6 6. Be3 Nc6 7. Qd2 e5 8. d5
Ne7 9. Bh6 Ne8 10. Bxg7 Kxg7 11. Be2 f5 12. exf5 Nxf5 13. Ne4 Nf6 14. Nxf6
Qxf6 15. Rc1 e4 16. Ng1 h5 17. Qc3 Nd4 18. Rd1 Qxf2+ 19. Kd2 Kg8 20. Rf1
Qxg2 21. Rxf8+ Kxf8 22. Qxd4 Qxh1 23. Qf6+ Ke8 24. Qxg6+ Ke7 25. Qg7+ Ke8
26. Bxh5+ Kd8 27. Qf6+ Kd7 28. Qf7+ Kd8 29. Qe8# {Black checkmated} 1-0

[Event "ICC tourney 1904 (10 3)"]
[Site "Internet Chess Club"]
[Date "2020.07.05"]
[Round "4"]
[White "CastledQueen"]
[Black "tigerche207"]
[Result "0-1"]
[ICCResult "White resigns"]
[WhiteElo "1485"]
[BlackElo "1489"]
[Opening "Danish gambit"]
[ECO "C21"]
[NIC "KP.04"]
[Time "13:48:30"]
[TimeControl "600+3"]

1. e4 e5 2. d4 exd4 3. c3 dxc3 4. Nxc3 Bb4 5. Qd4 Bxc3+ 6. Qxc3 Qf6 7. e5
Qc6 8. Qg3 Qg6 9. Qc3 Nc6 10. Nf3 Nge7 11. Bd3 Qh5 12. Bf4 O-O 13. g4 Qxg4
14. Bg3 Qxf3 15. Bxh7+ Kxh7 16. Qxf3 Kg8 17. O-O b6 18. h4 Bb7 19. Kh2 Rab8
20. Rg1 Nxe5 21. Qh5 Nf3+ 22. Kh3 Nxg1+ 23. Rxg1 Bd5 24. Bxc7 Be6+ 25. Kh2
Rbc8 26. Qg5 Nf5 27. Bf4 Rc2 28. Be3 f6 29. Qg2 Rf7 30. Bf4 Nxh4 31. Qe4
Rxb2 32. Be3 Nf5 33. Qa8+ Rf8 34. Qe4 Rxa2 35. Kg2 Rf7 36. Kf3 Ra5 37. Rc1
Bd5 {White resigns} 0-1

[Event "ICC tourney 1904 (10 3)"]
[Site "Internet Chess Club"]
[Date "2020.07.05"]
[Round "4"]
[White "wildrumpus"]
[Black "shamith"]
[Result "0-1"]
[ICCResult "White checkmated"]
[WhiteElo "1314"]
[BlackElo "1355"]
[Opening "Queen's pawn game"]
[ECO "A45"]
[NIC "QP.07"]
[Time "13:48:30"]
[TimeControl "600+3"]

1. d4 Nf6 2. e3 e6 3. Bd3 d5 4. Nd2 c5 5. c3 Nc6 6. f4 Bd6 7. Ngf3 O-O 8.
O-O b6 9. Ne5 Ne7 10. Kh1 Nf5 11. Qf3 Be7 12. g4 Nd6 13. g5 Nfe4 14. Nxe4
dxe4 15. Bxe4 Nxe4 16. Qxe4 Qc7 17. Qxa8 Bb7+ 18. Qxb7 Qxb7+ 19. Kg1 f6 20.
gxf6 gxf6 21. Ng4 h5 22. Nf2 Kf7 23. e4 f5 24. Re1 Rg8+ 25. Kf1 Bh4 26. d5
exd5 27. e5 d4 28. e6+ Ke7 29. Ke2 Bxf2 30. Kxf2 Qg2# {White checkmated} 0-1